PL
BUCKHEAD BOWTIES @ BOSTON PATRIOTS
09/20/2019
 
TOP OF THE 1ST
Buckhead Bowties batting - Pitching for Boston Patriots : LHP Kyle Lewis
Pitching: LHP Kyle Lewis
Batting: LHB Kenneth Chapman 0-0: Called Strike
0-1: Ground out U3 (Groundball, 3L)
Batting: RHB Bernardo Herrera 0-0: Called Strike
0-1: Ball
1-1: Ball
2-1: Ground out 4-3 (Groundball, 4)
Batting: SHB Juan Sánchez 0-0: Called Strike
0-1: Ball
1-1: Ball
2-1: Ball
3-1: Base on Balls
Batting: LHB Neil Lawson 0-0: Called Strike
0-1: Called Strike
0-2: Ball
1-2: Ball
2-2: Strikes out swinging
Top of the 1st over - 0 run(s), 0 hit(s), 0 error(s), 1 left on base; Buckhead 0 - Boston 0
BOTTOM OF THE 1ST
Boston Patriots batting - Pitching for Buckhead Bowties : LHP Manuel Rojas
Pitching: LHP Manuel Rojas
Batting: RHB Tommy Jones 0-0: Called Strike
0-1: SINGLE (Groundball, 56D)
Batting: SHB Ernest Miller 0-0: Ball
1-0: Ball
2-0: Ball
3-0: Called Strike
3-1: Foul Ball, location: 2F
3-2: Foul Ball, location: 2F
3-2: Strikes out looking
Batting: RHB Manuel Villarreal 0-0: Called Strike
0-1: Swinging Strike
0-2: Ball
1-2: Strikes out looking
Batting: LHB Chad Armstrong 0-0: Swinging Strike
0-1: Ball
1-1: Foul Ball, location: 2F
1-2: Ball
2-2: Fly out, F7 (Flyball, 78S)
Bottom of the 1st over - 0 run(s), 1 hit(s), 0 error(s), 1 left on base; Buckhead 0 - Boston 0
TOP OF THE 2ND
Buckhead Bowties batting - Pitching for Boston Patriots : LHP Kyle Lewis
Batting: RHB Pedro Morales 0-0: Ball
1-0: Foul Ball, location: 2F
1-1: Ball
2-1: Called Strike
2-2: Ball
3-2: Base on Balls
Batting: LHB Sinclair van Kooten 0-0: Ball
1-0: Ground out 3-1 (Groundball, 34)
Pedro Morales to second
Batting: RHB Gabriel Rodríguez 0-0: Fly out, F7 (Flyball, 7S)
Batting: RHB Joe Shaw 0-0: Ball
1-0: Fly out, F5 (Line Drive, 5D)
Top of the 2nd over - 0 run(s), 0 hit(s), 0 error(s), 1 left on base; Buckhead 0 - Boston 0
BOTTOM OF THE 2ND
Boston Patriots batting - Pitching for Buckhead Bowties : LHP Manuel Rojas
Batting: RHB Wilfred McLaughlin 0-0: Fly out, F8 (Line Drive, 8LD)
Batting: LHB Bill Chambers 0-0: Called Strike
0-1: Ball
1-1: Ball
2-1: Foul Ball, location: 2F
2-2: Foul Ball, location: 2F
2-2: Ground out 4-3 (Groundball, 4M)
Batting: LHB Luis Rodríguez 0-0: Ball
1-0: Foul Ball, location: 2F
1-1: Ground out U3 (Groundball, 3S)
Bottom of the 2nd over - 0 run(s), 0 hit(s), 0 error(s), 0 left on base; Buckhead 0 - Boston 0
TOP OF THE 3RD
Buckhead Bowties batting - Pitching for Boston Patriots : LHP Kyle Lewis
Batting: SHB Manuel Rojas 0-0: Called Strike
0-1: Swinging Strike
0-2: Foul Ball, location: 2F
0-2: Foul Ball, location: 2F
0-2: Foul Ball, location: 2F
0-2: Ball
1-2: Strikes out swinging
Batting: LHB Kenneth Chapman 0-0: Foul Ball, location: 2F
0-1: Ball
1-1: Ground out 1-3 (Groundball, 15S)
Batting: RHB Bernardo Herrera 0-0: Called Strike
0-1: Called Strike
0-2: Ball
1-2: Foul Ball, location: 2F
1-2: Ball
2-2: Foul Ball, location: 2F
2-2: Ground out 5-3 (Groundball, 56S)
Top of the 3rd over - 0 run(s), 0 hit(s), 0 error(s), 0 left on base; Buckhead 0 - Boston 0
BOTTOM OF THE 3RD
Boston Patriots batting - Pitching for Buckhead Bowties : LHP Manuel Rojas
Batting: RHB Bob Heller 0-0: Fly out, F9 (Flyball, 89D)
Batting: LHB Kyle Lewis 0-0: Ball
1-0: Swinging Strike
1-1: Foul Ball, location: 2F
1-2: Ground out 6-3 (Groundball, 6)
Batting: RHB Tommy Jones 0-0: Called Strike
0-1: Ball
1-1: SINGLE (Flyball, 34D)
Batting: SHB Ernest Miller 0-0: Fly out, F7 (Flyball, 7M)
Bottom of the 3rd over - 0 run(s), 1 hit(s), 0 error(s), 1 left on base; Buckhead 0 - Boston 0
TOP OF THE 4TH
Buckhead Bowties batting - Pitching for Boston Patriots : LHP Kyle Lewis
Batting: SHB Juan Sánchez 0-0: Called Strike
0-1: Called Strike
0-2: Strikes out swinging
Batting: LHB Neil Lawson 0-0: Ball
1-0: Foul Ball, location: 2F
1-1: Swinging Strike
1-2: Foul Ball, location: 2F
1-2: Ball
2-2: Strikes out swinging
Batting: RHB Pedro Morales 0-0: Swinging Strike
0-1: Called Strike
0-2: Foul Ball, location: 2F
0-2: Strikes out swinging
Top of the 4th over - 0 run(s), 0 hit(s), 0 error(s), 0 left on base; Buckhead 0 - Boston 0
BOTTOM OF THE 4TH
Boston Patriots batting - Pitching for Buckhead Bowties : LHP Manuel Rojas
Batting: RHB Manuel Villarreal 0-0: Ball
1-0: Ball
2-0: Swinging Strike
2-1: Foul Ball, location: 2F
2-2: Ball
3-2: Strikes out swinging
Batting: LHB Chad Armstrong 0-0: Called Strike
0-1: Ground out U3 (Groundball, 3S)
Batting: RHB Wilfred McLaughlin 0-0: Called Strike
0-1: Called Strike
0-2: Ball
1-2: Foul Ball, location: 2F
1-2: Ground out 6-3 (Groundball, 6M)
Bottom of the 4th over - 0 run(s), 0 hit(s), 0 error(s), 0 left on base; Buckhead 0 - Boston 0
TOP OF THE 5TH
Buckhead Bowties batting - Pitching for Boston Patriots : LHP Kyle Lewis
Batting: LHB Sinclair van Kooten 0-0: Called Strike
0-1: Ball
1-1: Called Strike
1-2: Strikes out swinging
Batting: RHB Gabriel Rodríguez 0-0: Ball
1-0: Called Strike
1-1: Foul Ball, location: 2F
1-2: Strikes out swinging
Batting: RHB Joe Shaw 0-0: Ball
1-0: Ball
2-0: Called Strike
2-1: Called Strike
2-2: Fly out, F9 (Flyball, 9S)
Top of the 5th over - 0 run(s), 0 hit(s), 0 error(s), 0 left on base; Buckhead 0 - Boston 0
BOTTOM OF THE 5TH
Boston Patriots batting - Pitching for Buckhead Bowties : LHP Manuel Rojas
Batting: LHB Bill Chambers 0-0: Foul Ball, location: 2F
0-1: Called Strike
0-2: Foul Ball, location: 2F
0-2: Foul Ball, location: 2F
0-2: Ball
1-2: Foul Ball, location: 2F
1-2: Ball
2-2: SINGLE (Line Drive, 34D)
Batting: LHB Luis Rodríguez 0-0: Swinging Strike
0-1: Ball
1-1: Ball
2-1: Fly out, F8 (Flyball, 8RS)
Batting: RHB Bob Heller 0-0: Ball
1-0: Grounds into double play, U6-3 (Groundball, 6M)
Bottom of the 5th over - 0 run(s), 1 hit(s), 0 error(s), 0 left on base; Buckhead 0 - Boston 0
TOP OF THE 6TH
Buckhead Bowties batting - Pitching for Boston Patriots : LHP Kyle Lewis
Batting: SHB Manuel Rojas 0-0: Called Strike
0-1: Foul Ball, location: 2F
0-2: Strikes out swinging
Batting: LHB Kenneth Chapman 0-0: Ball
1-0: Called Strike
1-1: Called Strike
1-2: Strikes out looking
Batting: RHB Bernardo Herrera 0-0: Called Strike
0-1: Called Strike
0-2: Ball
1-2: Ball
2-2: Strikes out swinging
Top of the 6th over - 0 run(s), 0 hit(s), 0 error(s), 0 left on base; Buckhead 0 - Boston 0
BOTTOM OF THE 6TH
Boston Patriots batting - Pitching for Buckhead Bowties : LHP Manuel Rojas
Batting: LHB Kyle Lewis 0-0: Ball
1-0: Swinging Strike
1-1: Ball
2-1: Called Strike
2-2: Strikes out swinging
Batting: RHB Tommy Jones 0-0: Ball
1-0: Called Strike
1-1: Swinging Strike
1-2: Ball
2-2: Ball
3-2: Foul Ball, location: 2F
3-2: Base on Balls
Batting: SHB Ernest Miller 0-0: SINGLE (Groundball, 5D)
Tommy Jones to second
Batting: RHB Manuel Villarreal 0-0: Swinging Strike
0-1: Ball
1-1: Ball
2-1: Swinging Strike
2-2: Fly out, F6 (Popup, 7S)
Batting: LHB Chad Armstrong 0-0: Called Strike
0-1: 3-RUN HOME RUN (Line Drive, 89XD), Distance : 427 ft
Batting: RHB Wilfred McLaughlin 0-0: Called Strike
0-1: Ground out 4-3 (Groundball, 4M)
Bottom of the 6th over - 3 run(s), 2 hit(s), 0 error(s), 0 left on base; Buckhead 0 - Boston 3
TOP OF THE 7TH
Buckhead Bowties batting - Pitching for Boston Patriots : LHP Kyle Lewis
Batting: SHB Juan Sánchez 0-0: Called Strike
0-1: Foul Ball, location: 2F
0-2: Ground out 6-3 (Groundball, 6)
Batting: LHB Neil Lawson 0-0: Foul Ball, location: 2F
0-1: Called Strike
0-2: Ball
1-2: Strikes out swinging
Batting: RHB Pedro Morales 0-0: DOUBLE (Flyball, 78D)
Batting: LHB Sinclair van Kooten 0-0: Called Strike
0-1: Called Strike
0-2: Strikes out swinging
Top of the 7th over - 0 run(s), 1 hit(s), 0 error(s), 1 left on base; Buckhead 0 - Boston 3
BOTTOM OF THE 7TH
Boston Patriots batting - Pitching for Buckhead Bowties : LHP Manuel Rojas
Batting: LHB Bill Chambers 0-0: Fly out, F8 (Flyball, 8LS)
Batting: LHB Luis Rodríguez 0-0: Foul Ball, location: 2F
0-1: Ball
1-1: Swinging Strike
1-2: Ball
2-2: SINGLE (Groundball, 6MD)
Batting: RHB Bob Heller 0-0: Ball
1-0: Swinging Strike
1-1: Ball
2-1: Foul Ball, location: 2F
2-2: Foul Ball, location: 2F
2-2: Ball
3-2: SINGLE (Line Drive, 4MD)
Luis Rodríguez to second
Pinch Hitting: RHB Lockwood Rose 0-0: Called Strike
0-1: Ball
1-1: Foul Ball, location: 2F
1-2: Foul Ball, location: 2F
1-2: Ball
2-2: Foul Ball, location: 2F
2-2: Ball
3-2: Foul Ball, location: 2F
3-2: 3-RUN HOME RUN (Flyball, 7D), Distance : 391 ft
Pitching: RHP Marshall Edwards
Batting: RHB Tommy Jones 0-0: Ball
1-0: Swinging Strike
1-1: Ball
2-1: Ball
3-1: Fly out, F9 (Flyball, 89M)
Batting: SHB Ernest Miller 0-0: Ball
1-0: Swinging Strike
1-1: Foul Ball, location: 2F
1-2: SINGLE (Line Drive, 4)
Batting: RHB Manuel Villarreal 0-0: Ball
1-0: Ball
2-0: Foul Ball, location: 2F
2-1: Ground out 4-3 (Groundball, 13)
Bottom of the 7th over - 3 run(s), 4 hit(s), 0 error(s), 1 left on base; Buckhead 0 - Boston 6
TOP OF THE 8TH
Buckhead Bowties batting - Pitching for Boston Patriots : LHP Kyle Lewis
Pitching: RHP Tom Reynolds
Batting: RHB Gabriel Rodríguez 0-0: Ball
1-0: Ball
2-0: Called Strike
2-1: Foul Ball, location: 2F
2-2: Foul Ball, location: 2F
2-2: Ball
3-2: Foul Ball, location: 2F
3-2: Foul Ball, location: 2F
3-2: Strikes out swinging
Batting: RHB Joe Shaw 0-0: Ball
1-0: Called Strike
1-1: Called Strike
1-2: Strikes out looking
Pinch Hitting: RHB Tim Barnes 0-0: Called Strike
0-1: Called Strike
0-2: Strikes out swinging
Top of the 8th over - 0 run(s), 0 hit(s), 0 error(s), 0 left on base; Buckhead 0 - Boston 6
BOTTOM OF THE 8TH
Boston Patriots batting - Pitching for Buckhead Bowties : RHP Marshall Edwards
Pitching: LHP Juan Castro
Batting: LHB Chad Armstrong 0-0: Called Strike
0-1: Ball
1-1: Ground out 6-3 (Groundball, 6MS)
Batting: RHB Wilfred McLaughlin 0-0: Ball
1-0: Fly out, F8 (Flyball, 8RM)
Batting: LHB Bill Chambers 0-0: Ball
1-0: Swinging Strike
1-1: Called Strike
1-2: Foul Ball, location: 2F
1-2: Foul Ball, location: 2F
1-2: Fly out, F7 (Line Drive, 78S)
Bottom of the 8th over - 0 run(s), 0 hit(s), 0 error(s), 0 left on base; Buckhead 0 - Boston 6
TOP OF THE 9TH
Buckhead Bowties batting - Pitching for Boston Patriots : RHP Tom Reynolds
Batting: LHB Kenneth Chapman 0-0: Foul Ball, location: 2F
0-1: Called Strike
0-2: Foul Ball, location: 2F
0-2: Ball
1-2: Strikes out swinging
Batting: RHB Bernardo Herrera 0-0: Ball
1-0: Ball
2-0: Ball
3-0: Called Strike
3-1: Ground out 5-3 (Groundball, 5)
Batting: SHB Juan Sánchez 0-0: Ball
1-0: Called Strike
1-1: Called Strike
1-2: Ball
2-2: Fly out, F4 (Popup, 4D)
Top of the 9th over - 0 run(s), 0 hit(s), 0 error(s), 0 left on base; Buckhead 0 - Boston 6
This league is powered by Out of the Park Baseball, the baseball management simulation game for PC, Mac and Linux
Saturday, July 25th, 2015 - OOTP Baseball 15.6 Build 34